 Dungeon Crawl Stone Soup version 0.30-a0-210-g01b79a254e (webtiles) character file.

Game seed: 2264481315022429745

21375 IdlyInterested the Unseen (level 12, -1/66 (75) HPs)
             Began as a Demonspawn Brigand on Oct 4, 2022.
             Was a Believer of Hepliaklqana.
             Slain by a hell rat (12 damage)
             ... on level 4 of the Lair of Beasts.
             The game lasted 00:54:36 (11505 turns).

IdlyInterested the Unseen (Demonspawn Brigand)     Turns: 11505, Time: 00:54:37

HP:   -1/66 (75)    AC: 20    Str: 20    XL:     12   Next: 53%
MP:   18/18         EV: 13    Int: 17    God:    Hepliaklqana [**....]
Gold: 512           SH:  9    Dex: 14    Spells: 19/19 levels left

rFire   + . .      SeeInvis .    L - +2 dagger (drain)
rCold   . . .      Faith    .    b - +0 buckler
rNeg    . . .      Spirit   .    P - +3 troll leather armour {Snorg}
rPois   .          Reflect  .    m - +2 helmet
rElec   .          Harm     .    v - +0 cloak
rCorr   .          Rampage  .    N - +0 pair of gloves
Will    .....                    (no boots)
Stlth   ++++++....               A - amulet of Puerphuv {Acrobat +Blink Regen+ Str+4 Dex-3}
HPRegen 1.91/turn                p - ring of protection from fire
MPRegen 0.32/turn                l - ring of wizardry

@: heavily drained
A: reduced essence, hooves 1, icemail 2, magic regeneration, big brain 2,
condensation shield, strong 1, sturdy frame 1
a: Renounce Religion, Evoke Blink, Recall Ancestor, Ancestor Identity


You were on level 4 of the Lair of Beasts.
You worshipped Hepliaklqana.
Hepliaklqana was pleased with you.
You visited 3 branches of the dungeon, and saw 14 of its levels.

You collected 512 gold pieces.

Inventory:

Hand Weapons
 a - a +2 dagger of flaming
 B - a +4 dagger
 G - a +3 falchion of freezing
 L - a +2 dagger of draining (weapon)
Missiles
 d - 18 poisoned darts (quivered)
 e - 3 curare-tipped darts
 g - 11 javelins
 r - 16 boomerangs
 u - 4 atropa-tipped darts
Armour
 b - a +0 buckler (worn)
 m - a +2 helmet (worn)
 q - the +2 robe of Burei {rC+ Dex+3}
   (You found it on level 2 of the Dungeon)

   Dex:       It affects your dexterity (+3).
   rC:        It protects you from cold.
 v - a +0 cloak (worn)
 C - the +4 chain mail of the Present {rPois Will++ Str+6 Int+3}
   (You found it on level 7 of the Dungeon)

   Str:       It affects your strength (+6).
   Int:       It affects your intelligence (+3).
   rPois:     It protects you from poison.
   Will:      It greatly increases your willpower.
 H - a +1 chain mail of fire resistance
 N - a +0 pair of gloves (worn)
 P - a +3 troll leather armour (worn) {Snorg}
Jewellery
 f - a ring of protection from fire
 l - a ring of wizardry (right hand)
 p - a ring of protection from fire (left hand)
 w - the Hermit's Pendant {Faith Invo=14 Evo=0 MP+5}
   (You found it on level 5 of the Dungeon)

   [amulet of faith]

   It sets your invocations skill to 14 and your evocations skill to 0.
   It allows you to gain divine favour quickly.
   MP:        It affects your magic capacity (+5).
 A - the amulet of Puerphuv (around neck) {Acrobat +Blink Regen+ Str+4 Dex-3}
   (You found it on level 6 of the Dungeon)

   [amulet of the acrobat]

   It increases your evasion while moving and waiting.
   Str:       It affects your strength (+4).
   Dex:       It affects your dexterity (-3).
   +Blink:    It lets you blink.
   Regen:     It increases your rate of health regeneration.
Wands
 c - a wand of digging (6)
 h - a wand of light (2)
 I - a wand of mindburst (16)
 M - a wand of iceblast (12)
Scrolls
 n - 7 scrolls of teleportation
 s - 4 scrolls of butterflies
 y - 2 scrolls of vulnerability
 z - a scroll of magic mapping
 D - a scroll of amnesia
 O - 2 scrolls of enchant weapon {unknown}
 Q - a scroll of immolation {unknown}
Potions
 i - 2 potions of flight
 j - 5 potions of curing
 k - a potion of attraction
 o - a potion of ambrosia
 t - a potion of cancellation
 x - 2 potions of mutation
 E - a potion of brilliance
 F - 2 potions of haste
 J - a potion of heal wounds
 K - a potion of resistance
 R - a potion of lignification {unknown}


   Skills:
 + Level 4.3 Fighting
 + Level 9.8 Short Blades
 - Level 4.0 Throwing
 - Level 5.2 Dodging
 * Level 15.0 Stealth
 - Level 4.0 Shields
 - Level 4.0 Spellcasting
 - Level 4.0 Evocations


You had 19 spell levels left.
You didn't know any spells.
Your spell library contained the following spells:

 Spells                   Type           Power      Damage    Failure   Level
 Summon Small Mammal      Summ           12%        N/A       9%          1
 Call Canine Familiar     Summ           3%         N/A       26%         3
 Ozocubu's Armour         Ice            3%         N/A       26%         3
 Portal Projectile        Hex/Tloc       6%         N/A       26%         3
 Summon Guardian Golem    Hex/Summ       3%         N/A       26%         3
 Tukima's Dance           Hex            3%         N/A       26%         3
 Blade Hands              Tmut           1%         N/A       90%         5
 Metabolic Englaciation   Hex/Ice        1%         N/A       90%         5
 Simulacrum               Ice/Necr       1%         N/A       100%        6


Dungeon Overview and Level Annotations

Branches:
Dungeon (8/15)             Temple (1/1) D:7            Lair (5/5) D:8
 Spider (0/4) Lair:3
  Swamp: Lair:2-3    Shoals: Lair:2-3     Slime: Lair:4-5

Altars:
Ashenzari
Cheibriados
Dithmenos
Fedhas
Gozag
Hepliaklqana
Kikubaaqudgha
Makhleb
Nemelex Xobeh
Okawaru
Qazlal
Ru
Sif Muna
Trog
Uskayaw
Vehumet
Wu Jian
Xom
Yredelemnul

Shops:
D:5 (   D:8 *


Innate Abilities, Weirdness & Mutations

Your life essence is reduced to manifest your ancestor. (-10% HP)
You have large cloven feet.
A meltable icy envelope protects you from harm. (AC +8)
You regenerate magic rapidly.
You have an extremely huge brain. (Int +4)
A meltable shield of frost defends you. (SH +4)
Your muscles are strong. (Str +4, Int/Dex -1)
Your movements are slightly less encumbered by armour. (ER -2)


Message History

The hell rat is severely wounded.
You closely miss the hell rat.
The hell rat is severely wounded.
The hell rat bites you but does no damage.
The yak gores you.
* * * LOW HITPOINT WARNING * * *
The yak gores you.
* * * LOW HITPOINT WARNING * * *
The yak gores you but does no damage.
You hit the hell rat.
You kick the hell rat, but do no damage.
The hell rat is almost dead.
You block the hell rat's attack.
You hit the hell rat.
You kill the hell rat!
The yak closely misses you. The yak gores you.
* * * LOW HITPOINT WARNING * * *
The yak closely misses you. The hell rat barely misses you.
The hell rat completely misses you. x2
The hell rat bites you but does no damage.
You block the hell rat's attack. x2
You see here a hell rat corpse.
You barely miss the hell rat. Your kick misses the hell rat.
You block the hell rat's attack. The hell rat closely misses you.
You closely miss the hell rat. The hell rat bites you!
* * * LOW HITPOINT WARNING * * *
You feel drained.
* * * LOW HITPOINT WARNING * * *
The hell rat closely misses you. You block the hell rat's attack.
You block the yak's attack.
The hell rat bites you but does no damage.
You hit the hell rat.
The hell rat is moderately wounded.
The hell rat closely misses you.
You hit the hell rat but do no damage.
You kick the hell rat, but do no damage.
The hell rat is moderately wounded.
The hell rat bites you but does no damage.
The hell rat bites you!
You die...

.. ... ...#. ..# ..
....## ...... .rr..#
#....# #rr.# #.?.#.##
### #..#
##....l###.####.## #
#....YY##..>.....#..#
#..YYY#r.........#
#P...##@rr.....#......
##.. #rr.....###.....#
#. ##.#...## #.Y.## #.
#..##### .Y... .. #...
.... . ##.## .... ...
..#


You could see a komodo dragon, 5 yaks and 5 hell rats.

Vanquished Creatures
  Snorg (Lair:3)
  2 hydras
  A catoblepas (Lair:1)
  A two-headed ogre (D:8)
  Urug (Lair:2)
  Nergalle (Lair:2)
  Pikel (D:8)
  13 elephants
  3 black mambas
  A torpor snail (Lair:3)
  7 cane toads
  4 komodo dragons
  An unseen horror (D:7)
  A polar bear (Lair:2)
  4 blink frogs (Lair:1)
  3 wyverns
  2 steam dragons (D:8)
  7 yaks
  Menkaure (D:4)
  5 water moccasins
  An orc warrior (D:7)
  2 ice beasts
  3 black bears
  3 wolves (Lair:3)
  4 sky beasts
  4 phantoms
  4 centaurs
  A lemure (D:8)
  9 bullfrogs
  A scorpion (D:6)
  10 wights
  4 killer bees (D:6)
  A crimson imp (D:4)
  3 howler monkeys (D:8)
  6 hounds
  A jelly (D:6)
  2 orc priests
  Crazy Yiuf (D:4)
  5 iguanas
  An ancestor (Lair:2)
  5 orc wizards
  8 hell rats
  10 adders
  4 gnolls
  A shadow imp (D:7)
  3 white imps
  3 dart slugs
  33 orcs
  8 bats
  10 endoplasms
  11 goblins
  4 hobgoblins
  3 jackals (D:3)
  10 quokkas
  9 ball pythons
  4 frilled lizards
  6 kobolds
  4 rats
  A butterfly (D:7)
263 creatures vanquished.

Vanquished Creatures (collateral kills)
  A yak (Lair:3)
  A basilisk (Lair:2)
  A water moccasin (Lair:3)
  A bullfrog (Lair:3)
  A hell rat (Lair:3)
5 creatures vanquished.

Vanquished Creatures (others)
  4 hexers
  2 ancestors (Lair:2)
  8 fungi
  18 plants
32 creatures vanquished.

Grand Total: 300 creatures vanquished

Notes
Turn   | Place    | Note
-------+----------+-------------------------------------------
     0 | D:1      | IdlyInterested the Demonspawn Brigand began the quest for
                  | the Orb.
     0 | D:1      | Reached XP level 1. HP: 16/16 MP: 1/1
    49 | D:1      | Reached skill level 1 in Dodging
   197 | D:1      | Gained mutation: A meltable shield of frost defends you.
                  | (SH +4) [demonic ancestry]
   197 | D:1      | Reached XP level 2. HP: 22/22 MP: 2/2
   288 | D:1      | Reached skill level 4 in Stealth
   651 | D:1      | Reached XP level 3. HP: 8/27 MP: 3/3
   986 | D:2      | Identified the +2 robe of Burei {rC+ Dex+3}
  1213 | D:2      | Found a faded altar of an unknown god.
  1410 | D:2      | Gained mutation: A meltable icy envelope protects you from
                  | harm. (AC +8) [demonic ancestry]
  1410 | D:2      | Reached XP level 4. HP: 32/33 MP: 4/4
  1553 | D:3      | Found a shimmering altar of Xom.
  2525 | D:4      | Noticed Menkaure
  2532 | D:4      | Killed Menkaure
  2533 | D:4      | Reached skill level 5 in Stealth
  2533 | D:4      | Reached XP level 5. HP: 39/39 MP: 5/5
  2732 | D:4      | Gained mutation: You have large cloven feet. [demonic
                  | ancestry]
  2732 | D:4      | Reached XP level 6. HP: 46/46 MP: 6/6
  2953 | D:4      | Found a runed translucent door.
  2954 | D:4      | Noticed Crazy Yiuf
  3049 | D:4      | Reached skill level 6 in Stealth
  3334 | D:4      | Killed Crazy Yiuf
  3423 | D:5      | Entered Level 5 of the Dungeon
  3504 | D:5      | Found an iron altar of Okawaru.
  3670 | D:5      | Found Kygody's Weapon Shop.
  3760 | D:5      | Gained mutation: You have an unusually large brain. (Int
                  | +2) [demonic ancestry]
  3760 | D:5      | Reached XP level 7. HP: 31/52 MP: 7/7
  3996 | D:5      | Reached skill level 7 in Stealth
  4242 | D:5      | Found a faded altar of an unknown god.
  4242 | D:5      | Found the Hermit's Pendant {Faith Invo=14 Evo=0 MP+5}
  4487 | D:5      | Gained mutation: You have hidden genetic potential. [potion
                  | of mutation]
  4793 | D:6      | Reached XP level 8. HP: 60/60 MP: 8/8
  5127 | D:6      | Identified the amulet of Puerphuv {Acrobat +Blink Regen+
                  | Str+4 Dex-3}
  5568 | D:6      | Found a shadowy altar of Dithmenos.
  5573 | D:6      | Found a basalt altar of Yredelemnul.
  5578 | D:6      | Found a shimmering blue altar of Sif Muna.
  5631 | D:6      | Reached skill level 8 in Stealth
  5704 | D:6      | Reached skill level 5 in Short Blades
  5720 | D:6      | Gained mutation: Your muscles are strong. (Str +4, Int/Dex
                  | -1) [hidden potential]
  6321 | D:7      | Gained mutation: You regenerate magic rapidly. [demonic
                  | ancestry]
  6321 | D:7      | Reached XP level 9. HP: 65/65 MP: 9/9
  6431 | D:7      | Reached skill level 5 in Dodging
  6436 | D:7      | Reached skill level 9 in Stealth
  6652 | D:7      | Reached skill level 1 in Shields
  6717 | D:7      | Gained mutation: Your movements are slightly less
                  | encumbered by armour. (ER -2) [hidden potential]
  6717 | D:7      | Lost mutation: You have hidden genetic potential. [hidden
                  | potential expressed]
  6837 | D:7      | Identified the +4 chain mail of the Present {rPois Will++
                  | Str+6 Int+3}
  7176 | D:7      | Found a staircase to the Ecumenical Temple.
  7256 | D:7      | Killed an unseen horror
  7257 | D:7      | Reached skill level 10 in Stealth
  7360 | Temple   | Entered the Ecumenical Temple
  7485 | D:8      | Noticed Pikel
  7525 | D:8      | Killed Pikel
  7546 | D:8      | Noticed a two-headed ogre
  7558 | D:8      | Gained mutation: You have an extremely huge brain. (Int +4)
                  | [demonic ancestry]
  7558 | D:8      | Reached XP level 10. HP: 66/71 MP: 10/10
  7584 | D:8      | Killed a two-headed ogre
  7585 | D:8      | Reached skill level 11 in Stealth
  7630 | D:8      | Found Duatyo's Demolitions Depot.
  8076 | D:8      | Found a staircase to the Lair.
  8246 | D:8      | Found an ornate altar of the Wu Jian Council.
  8362 | Temple   | Became a worshipper of Hepliaklqana the Forgotten
  8421 | Lair:1   | Entered Level 1 of the Lair of Beasts
  8432 | Lair:1   | Noticed a catoblepas
  8457 | Lair:1   | Killed a catoblepas
  8582 | Lair:1   | Reached skill level 12 in Stealth
  8680 | Lair:1   | Noticed a black mamba
  8749 | Lair:1   | Killed a black mamba
  9004 | Lair:1   | Reached XP level 11. HP: 42/77 MP: 11/11
  9202 | Lair:1   | Reached skill level 1 in Spellcasting
  9439 | Lair:1   | Reached * piety under Hepliaklqana
  9854 | Lair:2   | Noticed Nergalle
  9881 | Lair:2   | Killed Nergalle
  9969 | Lair:2   | Noticed a five-headed hydra
  9984 | Lair:2   | Killed a five-headed hydra
  9985 | Lair:2   | Reached skill level 13 in Stealth
 10486 | Lair:2   | Reached ** piety under Hepliaklqana
 10487 | Lair:2   | Remembered your ancestor Æthelred as a hexer
 10583 | Lair:2   | Noticed Urug
 10601 | Lair:2   | Killed Urug
 10602 | Lair:2   | Reached skill level 1 in Evocations
 10825 | Lair:3   | Reached skill level 14 in Stealth
 10861 | Lair:3   | Noticed Snorg
 10879 | Lair:3   | Gained mutation: A meltable icy envelope protects you from
                  | harm. (AC +8) [demonic ancestry]
 10879 | Lair:3   | Reached XP level 12. HP: 57/74 MP: 18/18
 10920 | Lair:3   | Killed Snorg
 11293 | Lair:3   | Found a hole to the Spider Nest.
 11385 | Lair:3   | You fall into a shaft and drop 2 floors!
 11385 | Lair:5   | Entered Level 5 of the Lair of Beasts
 11390 | Lair:5   | Noticed a five-headed hydra
 11405 | Lair:5   | Killed a five-headed hydra
 11406 | Lair:5   | Reached skill level 15 in Stealth
 11505 | Lair:4   | Slain by a hell rat

Illustrated notes

Levels and vault maps discovered:
D:1:      scummos_arrival_simple_fountains, layout_basic, minmay_surrounded
D:2:      layout_rooms, chequers_ecumenical_altar_island
D:3:      layout_basic, xom_teletrap_fun
D:4:      layout_basic, minmay_fire_ice_demons, uniq_crazy_yiuf_cottage,
          uniq_menkaure
D:5:      layout_gridville, okawaru_trees_2, serial_shops, shop,
          hellmonk_guarded_unrand_hermit
D:6:      layout_loops_corners, grunt_temple_overflow_diamond
D:7:      layout_rooms, nicolae_tso_swordbearing_angel,
          minmay_temple_entry_butterflies
D:8:      layout_cave_pools, nicolae_wu_jian_immortal_techniques,
          dpeg_oklobed_lair, roderic_three_in_a_row, nicolae_blasting_shop,
          minivault_26, uniq_pikel
Temple:   nicolae_temple_ecumenical_triangle
Lair:1:   layout_regular_city
Lair:2:   layout_regular_city, grunt_forest_small_clearing_treed,
          serial_bayou_shore_b, uniq_urug, uniq_nergalle
Lair:3:   layout_gridlike, minmay_swamp_entry_worms,
          spider_nest_entry_web_field, beast_lair_carwin_2, uniq_snorg
Lair:4:   layout_misc_corridors, minmay_slime_entry_pillars,
          gammafunk_ghost_split, pf_torpor_hydra
Lair:5:   evilmike_catoblepas_cave, layout_cave_pods, uniq_nessos

Skill      XL: |  1  2  3  4  5  6  7  8  9 10 11 12 |
---------------+-------------------------------------+-----
Dodging        | 1 2 4 5 |  5.2
Short Blades   | 2 3 4 5 6 7 9 |  9.8
Stealth        | 4 5 6 7 8 10 12 14 15 | 15.0
Throwing       | 2 3 4 |  4.0
Fighting       | 3 4 |  4.3
Shields        | 3 4 |  4.0
Spellcasting   | 4 |  4.0
Evocations     | 2 4 |  4.0

Action                   |  1- 3 |  4- 6 |  7- 9 | 10-12 || total
-------------------------+-------+-------+-------+-------++-------
Melee: Dagger            |   102 |   258 |   647 |   826 ||  1833
       Kick              |       |    50 |   229 |   375 ||   654
       Falchion          |       |       |     9 |       ||     9
Throw: Dart              |       |     9 |    14 |    22 ||    45
       Boomerang         |       |       |     1 |     1 ||     2
Invok: Ancestor Life: He |       |       |       |     1 ||     1
Evoke: Wand              |       |       |     1 |     4 ||     5
  Use: Scroll            |     5 |     6 |     5 |     4 ||    20
       Potion            |     1 |     1 |     4 |     3 ||     9
 Stab: Sleeping          |    12 |    11 |    13 |    10 ||    46
       Invisible         |       |       |     2 |    15 ||    17
       Distracted        |       |       |       |     4 ||     4
       Confused          |       |       |       |     7 ||     7
Armor: Robe              |    16 |    91 |   278 |   132 ||   517
       Ring mail         |     6 |       |       |       ||     6
       Leather armour    |     7 |       |       |       ||     7
       Troll leather arm |       |       |       |    72 ||    72
Dodge: Dodged            |    54 |   111 |   403 |   409 ||   977
Block: Other             |     5 |       |       |       ||     5
       Buckler           |    19 |    97 |   218 |   295 ||   629

Table legend: (Time is in decaauts)
 A = Elapsed time spent in this place.
 B = Non-inter-level travel time spent in this place.
 C = Inter-level travel time spent in this place.
 D = Time resting spent in this place.
 E = Time spent auto-exploring this place.
 F = Levels seen in this place.
 G = Mean time per level.
                   A        B        C        D        E       F      G
               +--------+--------+--------+--------+--------+-----+--------+
         Total |  11005 |   9363 |   1642 |    803 |   4724 |  14 |  786.1 |
       Dungeon |   8127 |   6801 |   1326 |    514 |   3418 |   8 | 1015.9 |
        Temple |     88 |     42 |     46 |      0 |     34 |   1 |   88.0 |
          Lair |   2789 |   2519 |    270 |    289 |   1272 |   5 |  557.8 |
               +--------+--------+--------+--------+--------+-----+--------+

Top non-repeatable levels by time:
     D:6: 1399 daAuts
  Lair:1: 1296 daAuts
     D:5: 1161 daAuts
     D:1: 1102 daAuts
     D:7: 1101 daAuts
     D:4: 1042 daAuts
  Lair:2: 965 daAuts
     D:3: 964 daAuts
     D:8: 753 daAuts
     D:2: 605 daAuts
  Lair:3: 437 daAuts
  Temple: 88 daAuts
  Lair:4: 56 daAuts
  Lair:5: 33 daAuts
